 Dungeon Crawl Stone Soup version 0.29.1-12-g30fa7ad0bf (webtiles) character file.

Game seed: 9940898003588451394

71 Pytinka the Digger (level 4, -5/24 HPs)
             Began as a Gargoyle Earth Elementalist on Dec 22, 2022.
             Slain by a gnoll
             ... wielding a +2 flail of draining
              (10 damage)
             ... on level 2 of the Dungeon.
             The game lasted 00:03:00 (2062 turns).

Pytinka the Digger (Gargoyle Earth Elementalist)    Turns: 2062, Time: 00:03:01

Health: -5/24      AC:  7    Str: 12    XL:     4   Next: 24%
Magic:  0/8        EV: 12    Int: 17    God:
Gold:   91         SH:  0    Dex: 10    Spells: 7/8 levels left

rFire   . . .      SeeInvis .   (no weapon)
rCold   . . .      Faith    .   (no shield)
rNeg    + . .      Spirit   .   a - +0 robe
rPois   ∞          Reflect  .   n - +0 helmet
rElec   +          Harm     .   (no cloak)
rCorr   .          Rampage  .   c - +0 pair of gloves
Will    .....                   (no boots)
Stlth   ++........              (no amulet)
HPRegen 0.08/turn               (no ring)
MPRegen 0.11/turn               (no ring)

@: no status effects
A: sickness immunity, AC +3, negative energy resistance 1, electricity
resistance, torment resistance 1, petrification resistance
a: no special abilities


You were on level 2 of the Dungeon.
You visited 1 branch of the dungeon, and saw 2 of its levels.

You collected 91 gold pieces.

Inventory:

Armour
 a - a +0 robe (worn)
 c - a +0 pair of gloves (worn)
 n - a +0 helmet (worn)
Wands
 o - a wand of charming (4)
Scrolls
 d - a scroll of vulnerability {unknown}
 e - a scroll of identify {unknown}
 g - a scroll of teleportation {unknown}
 h - a scroll of blinking {unknown}
 j - a scroll of fog {unknown}
 k - a scroll of amnesia {unknown}
Potions
 b - 2 potions of magic
 f - a potion of mutation {unknown}
 i - a potion of flight {unknown}
 l - a potion of lignification {unknown}
 m - a potion of curing {unknown}


   Skills:
 + Level 1.7 Dodging
 + Level 2.5 Stealth
 + Level 2.8 Spellcasting
 + Level 0.7 Transmutations
 * Level 4.9 Earth Magic


You had 7 spell levels left.
You knew the following spells:

 Your Spells              Type           Power      Damage    Failure   Level
a - Sandblast             Erth           38%        2d10      2%          1

Your spell library contained the following spells:

 Spells                   Type           Power      Damage    Failure   Level
 Passwall                 Tmut/Erth      10%        N/A       9%          2
 Stone Arrow              Conj/Erth      20%        3d8       19%         3
 Ignite Poison            Fire/Tmut/Pois 3%         N/A       43%         3
 Conjure Flame            Conj/Fire      2%         6-21      47%         3
 Petrify                  Tmut/Erth      12%        N/A       50%         4
 Sticky Flame             Conj/Fire      2%         2d3       87%         4


Dungeon Overview and Level Annotations

Branches:
Dungeon (2/15)

Altars:


Innate Abilities, Weirdness & Mutations

You are immune to sickness and miasma.
Your stone body is resilient. (AC +3)
You are immune to poison.
You resist negative energy. (rN+)
You are resistant to electric shocks. (rElec)
You are resistant to unholy torment.
You are immune to petrification.


Message History

The blast of sand misses the gnoll.
The gnoll closely misses you.
The blast of sand hits the gnoll!
The gnoll is almost dead.
The gnoll misses you.
The gnoll hits you from afar with a +0 spear.
The blast of sand hits the gnoll.
You kill the gnoll!
An endoplasm is nearby!
An endoplasm is nearby!
You can't see any susceptible monsters within range! (Use Z to cast anyway.)
An endoplasm is nearby!
You miscast Sandblast.
You are very lightly contaminated with residual magic.
Nothing appears to happen.
The endoplasm quivers.
A gnoll comes into view. It is wielding a +2 flail of draining.
The blast of sand hits the endoplasm!
You kill the endoplasm!
The gnoll drinks a potion.
The gnoll seems to speed up.
The blast of sand hits the gnoll.
The gnoll is lightly wounded.
The blast of sand hits the gnoll.
The gnoll is moderately wounded.
The gnoll hits you with a +2 flail of draining!
The gnoll attacks as you move away! The gnoll closely misses you.
The gnoll barely misses you.
Your magical contamination has completely faded away.
The gnoll completely misses you.
The gnoll hits you with a +2 flail of draining!
* * * LOW HITPOINT WARNING * * *
Casting: Sandblast (safe; 2% risk of failure)
Confirm with . or Enter, or press ? or * to list all spells.
Aiming: Sandblast (safe; 2% risk of failure)
Press: ? - help, Shift-Dir - straight line, f/p - gnoll
Aim: a gnoll, wielding a +2 flail of draining (moderately wounded, fast, 84% to hit)
The blast of sand hits the gnoll.
The gnoll is severely wounded.
The gnoll barely misses you.
The gnoll hits you with a +2 flail of draining!
You die...

...# #.......... #. ..##
#........ #. #
#..######...... ##
#.#.#.......'....# ##
#......)...##....# ###.
#........#.###..## #.).
#..#......#.####.########.##
#.......).g............#..#
#.........)@...........#.##
###8###8###⌠###8###8#'.>.#
## ######################
#.....# #.##....... #.....#
#.##....... #.....#
#.....##..÷ #.....##
####..#8... #......#
####..##... ######.#
#.....##...


You could see a gnoll (fast).

Vanquished Creatures
  3 gnolls (D:2)
  An adder (D:2)
  2 worms (D:1)
  5 endoplasms
  A giant cockroach (D:2)
  2 goblins (D:1)
  A hobgoblin (D:1)
  3 ball pythons
  2 bats
  2 frilled lizards
  3 kobolds
  8 rats
33 creatures vanquished.

Vanquished Creatures (others)
  4 toadstools (D:1)
4 creatures vanquished.

Grand Total: 37 creatures vanquished

Notes
Turn   | Place    | Note
-------+----------+-------------------------------------------
     0 | D:1      | Pytinka the Gargoyle Earth Elementalist began the quest for
                  | the Orb.
     0 | D:1      | Reached XP level 1. HP: 10/10 MP: 3/3
   476 | D:1      | Found a faded altar of an unknown god.
   576 | D:1      | Reached skill level 4 in Earth Magic
   576 | D:1      | Reached XP level 2. HP: 15/15 MP: 3/5
  1462 | D:2      | Reached XP level 3. HP: 19/19 MP: 4/6
  2026 | D:2      | Reached XP level 4. HP: 24/24 MP: 4/8
  2062 | D:2      | Slain by a gnoll

Illustrated notes

Levels and vault maps discovered:
D:1:      ldierk_walled_garden_2, layout_loops_corners,
          shapermc_ecumenical_altar_starsandcircs, nicolae_wormholes
D:2:      layout_basic, serial_corexii_hall, chequers_hall_statues_y,
          chequers_hall_statues_wall_a, corexii_hall_statues_i,
          corexii_hall_statues_u, corexii_hall_statues_l, corexii_hall_statues_l

Skill      XL: |  1 |
---------------+----+-----
Earth Magic    | 4 |  4.9
Dodging        | |  1.7
Stealth        | |  2.5
Spellcasting   | |  2.8
Transmutations | |  0.7

Action                   |  1- 3 |  4- 6 || total
-------------------------+-------+-------++-------
Melee: Unarmed           |     4 |       ||     4
 Cast: Sandblast         |    47 |     8 ||    55
Armor: Robe              |     3 |       ||     3
Dodge: Dodged            |     2 |     6 ||     8
